 Dungeon Crawl Stone Soup version 0.30-a0-305-g026cb31310 (webtiles) character file.

Game seed: 11108517837844893610

1932 reriks the Chopper (level 9, -6/74 HPs)
             Began as a Gnoll Cinder Acolyte on July 31, 2022.
             Was a Priest of Ignis.
             Mangled by Duvessa
             ... wielding a +2 short sword of flaming
              (10 damage)
             ... on level 5 of the Dungeon on Oct 23, 2022.
             The game lasted 00:13:18 (7207 turns).

reriks the Chopper (Gnoll Cinder Acolyte)           Turns: 7207, Time: 00:13:19

Health: -6/74      AC: 17    Str: 21    XL:     9   Next: 17%
Magic:  25/25      EV:  7    Int: 14    God:    Ignis [***...]
Gold:   316        SH:  0    Dex: 10    Spells: 18/18 levels left

rFire   + . .      SeeInvis +    a - +0 hand axe (flame)
rCold   . . .      Faith    .    (no shield)
rNeg    . . .      Spirit   .    f - +3 plate armour
rPois   .          Reflect  .    g - +0 helmet
rElec   .          Harm     .    (no cloak)
rCorr   .          Rampage  .    c - +0 pair of gloves
Will    ++...                    (no boots)
Stlth   ..........               (no amulet)
HPRegen 0.32/turn                h - ring of willpower
MPRegen 0.19/turn                n - ring of Zomuom {Will+ MP+9 Str+4 Dex+2 SInv}

@: no status effects
A: fangs 1, strong nose, distributed training
a: Renounce Religion, Fiery Armour, Foxfire Swarm


You were on level 5 of the Dungeon.
You worshipped Ignis.
Ignis was most pleased with you.
You visited 1 branch of the dungeon, and saw 5 of its levels.
You also visited: Ossuary.

You collected 316 gold pieces.

Inventory:

Hand Weapons
 a - a +0 hand axe of flaming (weapon)
 p - a +0 flail
 r - a +0 vorpal trident
Armour
 b - a +0 robe
 c - a +0 pair of gloves (worn)
 f - a +3 plate armour (worn)
 g - a +0 helmet (worn)
 i - the +1 robe "Emorimiara" {*Corrode rF+ Regen+ Str+3 Archmagi}
   (You found it on level 2 of the Dungeon)

   Str:       It affects your strength (+3).
   rF:        It protects you from fire.
   Regen:     It increases your rate of health regeneration.
   *Corrode:  It may corrode you when you take damage.
   Archmagi:  It increases the power of your magical spells.
Jewellery
 h - a ring of willpower (left hand)
 n - the ring of Zomuom (right hand) {Will+ MP+9 Str+4 Dex+2 SInv}
   (You took it off an orc on level 3 of the Dungeon)

   [ring of see invisible]

   Str:       It affects your strength (+4).
   Dex:       It affects your dexterity (+2).
   MP:        It affects your magic capacity (+9).
   SInv:      It lets you see invisible.
   Will:      It increases your willpower.
Wands
 e - a wand of polymorph (7)
Scrolls
 k - a scroll of blinking
 s - 2 scrolls of teleportation
 u - a scroll of fear
 x - 2 scrolls of torment
Potions
 d - a potion of ambrosia
 j - a potion of haste
 l - a potion of flight
 m - 3 potions of lignification
 q - 4 potions of curing
 v - 3 potions of heal wounds
 w - a potion of invisibility
 z - a potion of mutation
 A - a potion of brilliance {unknown}


   Skills:
 + Level 7.8 Fighting
 + Level 4.1 Short Blades
 + Level 4.1 Long Blades
 + Level 7.8 Axes
 + Level 4.1 Maces & Flails
 + Level 4.1 Polearms
 + Level 4.1 Staves
 + Level 4.1 Ranged Weapons
 + Level 4.1 Throwing
 + Level 4.1 Armour
 + Level 4.1 Dodging
 + Level 4.1 Stealth
 + Level 4.1 Shields
 + Level 4.1 Unarmed Combat
 + Level 5.1 Spellcasting
 + Level 3.4 Conjurations
 + Level 3.4 Hexes
 + Level 3.4 Summonings
 + Level 3.4 Necromancy
 + Level 3.4 Translocations
 + Level 3.4 Transmutations
 + Level 6.5 Fire Magic
 + Level 3.4 Ice Magic
 + Level 3.4 Air Magic
 + Level 3.4 Earth Magic
 + Level 3.4 Poison Magic
 + Level 4.5 Invocations
 + Level 4.1 Evocations


You had 18 spell levels left.
You didn't know any spells.
Your spell library contained the following spells:

 Spells                   Type           Power      Damage    Failure   Level
 Scorch                   Fire           42%        2d7       41%         2
 Ensorcelled Hibernation  Hex/Ice        26%        N/A       83%         2
 Sublimation of Blood     Necr           13%        N/A       83%         2
 Wereblood                Tmut           13%        N/A       83%         2
 Spider Form              Tmut/Pois      13%        N/A       97%         3
 Anguish                  Hex/Necr       6%         N/A       100%        4
 Summon Hydra             Summ           6%         N/A       100%        7


Dungeon Overview and Level Annotations

Branches:
Dungeon (5/15)            Ossuary (visited)
 Temple: D:4-7

Altars:

Shops:
D:5 *

Annotations:
D:3 Grinder
D:5 Duvessa


Innate Abilities, Weirdness & Mutations

You have very sharp teeth.
Your uncanny sense of smell can sniff out nearby items.
Your experience applies equally to all skills.


Message History

Duvessa hits you with a +2 short sword of flaming!
Duvessa burns you.
You hit Duvessa. You burn Duvessa.
Duvessa is heavily wounded.
Duvessa barely misses you.
You hit Duvessa. You burn Duvessa. Your punch misses Duvessa.
Your bite misses Duvessa.
Duvessa is severely wounded.
Duvessa hits you with a +2 short sword of flaming.
Duvessa barely misses you.
You are too injured to fight recklessly!
You are too injured to fight recklessly!
You are too injured to fight recklessly!
You are too injured to fight recklessly!
You are too injured to fight recklessly!
You hit Duvessa but do no damage. Your punch misses Duvessa.
You bite Duvessa, but do no damage.
Duvessa is severely wounded.
Duvessa closely misses you.
You slash Duvessa! You burn Duvessa.
Duvessa is severely wounded.
Duvessa hits you but does no damage.
You hit Duvessa but do no damage. You punch Duvessa.
You bite Duvessa, but do no damage.
Duvessa is severely wounded.
Duvessa hits you with a +2 short sword of flaming.
Duvessa burns you. Duvessa hits you but does no damage.
You slash Duvessa! You burn Duvessa.
Duvessa is almost dead.
Duvessa hits you with a +2 short sword of flaming!
* * * LOW HITPOINT WARNING * * *
You hit Duvessa but do no damage. Your punch misses Duvessa.
Duvessa is almost dead.
Duvessa hits you with a +2 short sword of flaming!
* * * LOW HITPOINT WARNING * * *
Duvessa hits you but does no damage.
You closely miss Duvessa.
Duvessa is almost dead.
Duvessa hits you with a +2 short sword of flaming!
You die...

#....
#........#######.(.. ##
#...... .......'....
... #......
.#######.... #..#.....
#....
#..#..!.###########....
......... ........####
#.)e.# #######.# #..@.#
#.# #....#### #.# ..
#.......#######.#
.$..##..$.)..##......#
.............##......#
...####.......#......#
+.≈...§........#
#.......########
#...∩...#


You could see Duvessa (berserk, fast).

Vanquished Creatures
  Prince Ribbit (D:5)
  3 hornet zombies (Ossuary)
  3 wyvern zombies (Ossuary)
  A scorpion (D:5)
  5 water moccasin zombies (Ossuary)
  Dowan (D:5)
  3 bullfrog zombies (Ossuary)
  3 centaur zombies (Ossuary)
  3 hounds
  A jelly (D:4)
  4 orc priests
  2 orc wizards
  3 killer bee zombies (Ossuary)
  11 mummies
  2 howler monkey zombies (Ossuary)
  5 adders
  2 worms
  3 dart slugs (D:2)
  14 orcs
  6 ball pythons
  6 endoplasms
  16 goblins
  10 hobgoblins
  8 jackals
  5 kobolds
  3 bats
  A goblin zombie (D:5)
  5 rats
130 creatures vanquished.

Vanquished Creatures (others)
  16 foxfires
  4 withered plants (Ossuary)
20 creatures vanquished.

Grand Total: 150 creatures vanquished

Notes
Turn   | Place    | Note
-------+----------+-------------------------------------------
     0 | D:1      | reriks the Gnoll Cinder Acolyte began the quest for the
                  | Orb.
     0 | D:1      | Reached XP level 1. HP: 23/23 MP: 4/4
   286 | D:1      | Reached XP level 2. HP: 29/29 MP: 5/5
   286 | D:1      | Upgraded the game from 0.29-a0-962-gc8bbfd0a37 to
                  | 0.29-a0-982-gaed3a0c8d8
   405 | D:1      | Found a faded altar of an unknown god.
   796 | D:1      | Reached XP level 3. HP: 31/35 MP: 7/7
  1042 | D:2      | Reached skill level 1 in Invocations
  1180 | D:2      | Reached skill level 1 in Short Blades
  1180 | D:2      | Reached skill level 1 in Long Blades
  1180 | D:2      | Reached skill level 1 in Maces & Flails
  1180 | D:2      | Reached skill level 1 in Polearms
  1180 | D:2      | Reached skill level 1 in Staves
  1180 | D:2      | Reached skill level 1 in Ranged Weapons
  1180 | D:2      | Reached skill level 1 in Throwing
  1180 | D:2      | Reached skill level 1 in Armour
  1180 | D:2      | Reached skill level 1 in Dodging
  1180 | D:2      | Reached skill level 1 in Stealth
  1180 | D:2      | Reached skill level 1 in Shields
  1180 | D:2      | Reached skill level 1 in Unarmed Combat
  1180 | D:2      | Reached skill level 1 in Evocations
  1355 | D:2      | Reached XP level 4. HP: 41/41 MP: 8/8
  1467 | D:2      | Identified the +1 robe "Emorimiara" {*Corrode rF+ Regen+
                  | Str+3 Archmagi}
  1713 | D:3      | Reached skill level 1 in Conjurations
  1713 | D:3      | Reached skill level 1 in Hexes
  1713 | D:3      | Reached skill level 1 in Summonings
  1713 | D:3      | Reached skill level 1 in Necromancy
  1713 | D:3      | Reached skill level 1 in Translocations
  1713 | D:3      | Reached skill level 1 in Transmutations
  1713 | D:3      | Reached skill level 1 in Ice Magic
  1713 | D:3      | Reached skill level 1 in Air Magic
  1713 | D:3      | Reached skill level 1 in Earth Magic
  1713 | D:3      | Reached skill level 1 in Poison Magic
  1888 | D:3      | Identified the ring of Zomuom {Will+ MP+9 Str+4 Dex+2 SInv}
  1911 | D:3      | HP: 2/41 [something (3)]
  1914 | D:3      | Reached XP level 5. HP: 3/47 MP: 9/9
  2343 | D:3      | Noticed Grinder
  2354 | D:3      | Paralysed by something for 2 turns
  2519 | D:2      | Upgraded the game from 0.29-a0-982-gaed3a0c8d8 to
                  | 0.30-a0-305-g026cb31310
  3395 | D:4      | Reached XP level 6. HP: 36/53 MP: 11/11
  4434 | D:5      | Entered Level 5 of the Dungeon
  4500 | D:5      | Reached XP level 7. HP: 60/60 MP: 12/12
  4537 | D:5      | Found a sand-covered staircase.
  4588 | Ossuary  | Entered an ossuary
  5327 | Ossuary  | Reached XP level 8. HP: 60/67 MP: 14/14
  6914 | Ossuary  | Reached XP level 9. HP: 73/73 MP: 16/16
  7098 | D:5      | Noticed Prince Ribbit
  7107 | D:5      | Killed Prince Ribbit
  7108 | D:5      | Reached skill level 5 in Spellcasting
  7175 | D:5      | Found Enenu's Elemental Accessories.
  7185 | D:5      | Noticed Dowan
  7188 | D:5      | Noticed Duvessa
  7198 | D:5      | Killed Dowan
  7207 | D:5      | Mangled by Duvessa

Illustrated notes

Levels and vault maps discovered:
D:1:      shiori_arrival_oz, layout_basic, shapermc_ecumenical_altar_notcrosses,
          serial_curves, eino_curves_02, eino_curves_04, minmay_tetromino_o4
D:2:      cheibrodos_greedy_goblins, layout_loops_ring
D:3:      layout_rooms, uniq_grinder
D:4:      layout_gridville
D:5:      layout_basic, grunt_temple_overflow_open, nicolae_ossuary_entry_giza,
          minmay_shop_damaged, nicolae_elemental_shop, serial_park_tiny_1,
          uniq_duvessa, uniq_prince_ribbit1

Skill      XL: |  1  2  3  4  5  6  7  8  9 |
---------------+----------------------------+-----
Invocations    | 1 2 3 4 |  4.5
Short Blades   | 1 2 3 4 |  4.1
Long Blades    | 1 2 3 4 |  4.1
Maces & Flails | 1 2 3 4 |  4.1
Polearms       | 1 2 3 4 |  4.1
Staves         | 1 2 3 4 |  4.1
Ranged Weapons | 1 2 3 4 |  4.1
Throwing       | 1 2 3 4 |  4.1
Armour         | 1 2 3 4 |  4.1
Dodging        | 1 2 3 4 |  4.1
Stealth        | 1 2 3 4 |  4.1
Shields        | 1 2 3 4 |  4.1
Unarmed Combat | 1 2 3 4 |  4.1
Evocations     | 1 2 3 4 |  4.1
Spellcasting   | 3 4 5 |  5.1
Conjurations   | 1 2 3 |  3.4
Hexes          | 1 2 3 |  3.4
Summonings     | 1 2 3 |  3.4
Necromancy     | 1 2 3 |  3.4
Translocations | 1 2 3 |  3.4
Transmutations | 1 2 3 |  3.4
Ice Magic      | 1 2 3 |  3.4
Air Magic      | 1 2 3 |  3.4
Earth Magic    | 1 2 3 |  3.4
Poison Magic   | 1 2 3 |  3.4
Fighting       | 7 |  7.8
Axes           | 7 |  7.8
Fire Magic     | 6 |  6.5

Action                   |  1- 3 |  4- 6 |  7- 9 || total
-------------------------+-------+-------+-------++-------
Melee: Hand axe          |   116 |   143 |   304 ||   563
       Bite              |     7 |    10 |    49 ||    66
       Punch             |     1 |     2 |     8 ||    11
Invok: Fiery Armour      |       |     1 |     2 ||     3
       Foxfire Swarm     |       |     1 |     1 ||     2
       Rising Flame      |       |     1 |       ||     1
  Use: Potion            |       |     1 |       ||     1
       Scroll            |       |     9 |     9 ||    18
Armor: Robe              |    26 |       |       ||    26
       Plate armour      |    40 |   111 |   165 ||   316
Dodge: Dodged            |    56 |    27 |    79 ||   162

Table legend: (Time is in decaauts)
 A = Elapsed time spent in this place.
 B = Non-inter-level travel time spent in this place.
 C = Inter-level travel time spent in this place.
 D = Time resting spent in this place.
 E = Time spent auto-exploring this place.
 F = Levels seen in this place.
 G = Mean time per level.
                   A        B        C        D        E       F      G
               +--------+--------+--------+--------+--------+-----+--------+
         Total |   7214 |   7113 |    101 |   3685 |   2251 |   6 | 1202.3 |
       Dungeon |   4756 |   4655 |    101 |   1794 |   2097 |   5 |  951.2 |
       Ossuary |   2457 |   2457 |      0 |   1891 |    154 |   1 | 2457.0 |
               +--------+--------+--------+--------+--------+-----+--------+

Top non-repeatable levels by time:
 Ossuary: 2457 daAuts
     D:3: 1523 daAuts
     D:4: 1092 daAuts
     D:2: 944 daAuts
     D:1: 883 daAuts
     D:5: 313 daAuts
